Map: 포트 알렉산더 - 래더

Players

Dear

  • Race: Protoss Protoss
  • Spawn Location: 11:00

Ragnarok (SHIN) - Winner!

  • Race: Zerg Zerg
  • Spawn Location: 5:00

Event: IEM Season 13: Katowice (2019)

VOD

Have the link to the VOD?

Description

Time

  • Played on: Feb. 25, 2019, 5:15 a.m.
  • Length: 10:25

All games in this series

Show
View Real Time Build Order
Export as new Build Order

Dear Protoss 

Build Orders: 1 Gate Expand, Oracle Opening, Chargelot Immortal 

Get SALT Encoding   

  12  0:01  Probe  
  13  0:13  Probe  
  14  0:20  Pylon  
  14  0:25  Probe  
  15  0:34  Probe  
  15  0:42  Probe  
  16  0:45  Gateway  
  16  0:47  Assimilator  
  17  0:52  Probe  
  18  1:04  Probe  
  19  1:16  Probe  
  20  1:26  Nexus  
  20  1:29  Probe  
  21  1:39  Cybernetics Core  
  21  1:45  Assimilator  
  21  1:49  Probe  
  22  1:57  Pylon  
  22  2:01  Probe  
  22  2:06  Adept  
  23  2:15  Probe  
  24  2:19  Stargate  
  26  2:24  Warp Gate  
  26  2:27  Probe  
  27  2:34  Probe  
  27  2:35  Probe  
  27  2:36  Stalker  
  29  2:42  Probe  
  29  2:43  Probe  
  33  2:52  Probe, Oracle  
  33  2:53  Probe  
  35  3:04  Probe  
  39  3:05  Probe  
  39  3:11  Pylon  
  40  3:16  Probe  
  40  3:18  Probe  
  42  3:22  Assimilator  
  42  3:25  Twilight Council  
  42  3:30  Probe  
  42  3:32  Gateway  
  44  3:43  Robotics Facility  
  44  3:47  Assimilator  
  45  3:51  Charge  
  45  3:53  Gateway  
  43  4:00  Gateway  
  43  4:01  Gateway  
  43  4:03  Gateway  
  43  4:10  Gateway  
  43  4:19  Gateway, Adept  
  43  4:23  Gateway, Warp Prism  
  45  4:27  Pylon  
  45  4:37  Zealot  
  49  4:40  Pylon  
  49  4:56  Zealot  
  49  4:57  Zealot x4  
  57  5:22  Zealot x6  
  57  5:26  Pylon  
  69  5:29  Pylon  
  69  5:39  Warp Prism  
  69  5:46  Zealot x3  
  69  5:47  Zealot x2  
  69  5:48  Zealot x2  
  54  6:02  Immortal  
  40  6:05  Probe  
  40  6:06  Probe  
  40  6:10  Assimilator  
  38  6:14  Sentry x2  
  38  6:15  Zealot x4  
  38  6:17  Probe  
  38  6:18  Probe  
  56  6:28  Robotics Facility  
  56  6:30  Probe x2  
  56  6:31  Immortal  
  58  6:42  Probe x2  
  58  6:43  Pylon  
  64  6:57  Probe x2  
  64  6:59  Nexus  
  64  7:00  Immortal, Sentry x2  
  68  7:10  Immortal  
  68  7:13  Sentry  
  78  7:34  Immortal  
  78  7:40  Immortal  
  82  7:48  Pylon  
  86  8:03  Immortal  
  86  8:10  Pylon  
  86  8:19  Immortal  
  89  8:29  Stalker x4  
  85  8:44  Immortal, Pylon  
  83  8:56  Immortal  
  83  8:59  Sentry  
  76  9:12  Zealot x3  
  76  9:13  Zealot  
  76  9:25  Zealot x2  
  76  9:26  Pylon  
  70  9:33  Zealot x2  
  70  9:36  Immortal  
  57  9:52  Zealot  
  51  10:01  Zealot x3  
  51  10:06  Zealot  
  57  10:12  Zealot x2  
Show
View Real Time Build Order
Export as new Build Order

Ragnarok Zerg - Winner!

Build Orders: Hatch First 

Get SALT Encoding   

  12  0:00  Drone  
  13  0:13  Overlord  
  13  0:17  Drone  
  14  0:32  Drone x2  
  16  0:50  Hatchery  
  16  0:53  Drone  
  16  0:57  Drone  
  16  0:59  Drone  
  18  1:11  Extractor  
  18  1:16  Spawning Pool  
  16  1:19  Drone  
  16  1:22  Drone  
  18  1:30  Drone  
  19  1:39  Drone  
  20  1:51  Drone  
  21  2:02  Queen x2  
  21  2:03  Zergling x4  
  27  2:12  Overlord, Drone  
  28  2:25  Metabolic Boost  
  28  2:31  Drone x2  
  28  2:34  Drone x2  
  32  2:42  Hatchery  
  31  2:49  Queen  
  33  2:54  Overlord  
  33  2:57  Drone  
  34  3:04  Drone x2  
  36  3:09  Overlord  
  36  3:14  Drone x2  
  36  3:18  Overlord  
  36  3:19  Drone  
  39  3:20  Drone  
  39  3:22  Drone  
  39  3:26  Spore Crawler  
  40  3:30  Queen  
  43  3:34  Drone x2  
  43  3:38  Drone  
  45  3:42  Drone x3  
  45  3:48  Evolution Chamber  
  47  3:53  Queen  
  47  3:54  Drone  
  50  3:56  Drone  
  50  3:57  Drone  
  50  4:01  Drone  
  54  4:06  Zergling x2  
  54  4:09  Spore Crawler  
  54  4:10  Spore Crawler  
  54  4:11  Drone x5  
  58  4:18  Overlord  
  58  4:19  Overlord  
  58  4:24  Lair  
  58  4:31  Roach Warren  
  57  4:32  Extractor  
  57  4:33  Extractor  
  57  4:36  Drone x4  
  57  4:37  Drone  
  60  4:41  Overlord  
  59  4:49  Drone  
  60  4:53  Drone x3  
  60  4:55  Overlord  
  63  5:03  Spine Crawler  
  63  5:05  Spine Crawler  
  60  5:10  Roach x6  
  60  5:13  Roach  
  73  5:14  Roach  
  73  5:18  Roach  
  73  5:19  Roach  
  73  5:21  Roach  
  81  5:23  Overlord  
  81  5:26  Roach  
  81  5:27  Zergling x2  
  85  5:28  Zergling x2  
  85  5:30  Roach  
  85  5:32  Roach  
  89  5:35  Overlord  
  93  5:42  Roach  
  93  5:43  Roach x2  
  93  5:45  Roach  
  90  5:50  Roach  
  90  5:54  Roach  
  90  5:56  Drone x3  
  90  5:57  Drone x4  
  89  5:59  Roach  
  89  6:03  Roach  
  92  6:05  Drone  
  92  6:09  Extractor  
  92  6:10  Extractor  
  91  6:11  Overseer  
  91  6:14  Drone  
  91  6:16  Extractor  
  91  6:19  Drone  
  91  6:23  Drone x2  
  91  6:24  Glial Reconstitution  
  94  6:27  Zergling x4  
  96  6:33  Roach  
  96  6:34  Roach x2  
  96  6:37  Roach  
  96  6:38  Zergling x2  
  105  6:45  Overlord x4  
  105  6:47  Overlord  
  105  6:50  Overlord  
  103  7:00  Evolution Chamber, Drone x3  
  105  7:05  Roach  
  105  7:06  Roach x5  
  117  7:11  Zergling x10  
  117  7:13  Zergling x2  
  122  7:20  Roach, Zergling x2, Nydus Network  
  124  7:27  Roach x3  
  129  7:32  Roach  
  129  7:35  Overlord, Zerg Missile Weapons Level 1  
  129  7:36  Roach  
  133  7:38  Roach  
  133  7:40  Roach  
  133  7:42  Roach  
  139  7:44  Roach  
  139  7:47  Overlord  
  139  7:48  Roach  
  143  7:52  Roach x2  
  143  7:56  Nydus Canal  
  147  7:59  Zergling x8  
  147  8:01  Roach  
  147  8:02  Roach  
  155  8:06  Overlord  
  155  8:08  Ravager  
  155  8:09  Ravager  
  155  8:12  Nydus Canal  
  159  8:13  Roach, Zergling x2  
  159  8:18  Roach x2  
  157  8:23  Roach x2  
  157  8:24  Roach  
  155  8:28  Roach  
  155  8:29  Roach  
  155  8:32  Overlord  
  155  8:33  Roach x2  
  157  8:36  Roach  
  157  8:40  Roach x2  
  143  8:42  Roach  
  143  8:45  Roach, Zergling x6  
  134  8:57  Roach  
  134  8:58  Roach x4  
  126  9:06  Roach x4  
  122  9:10  Roach  
  122  9:17  Roach x3  
  122  9:19  Roach x2  
  122  9:20  Drone x3  
  122  9:21  Roach  
  134  9:26  Roach x2  
  134  9:31  Roach x2  
  129  9:37  Roach x2  
  114  9:43  Roach x3  
  114  9:44  Roach  
  110  9:46  Roach  
  110  9:49  Roach  
  110  9:51  Roach  
  112  9:53  Zergling x2  
  112  9:54  Roach, Zergling x6  
  112  9:57  Roach  
  110  10:02  Roach  
  110  10:05  Roach  

Tags
 
Add a new tag
Caveats
  • Supply blocks, unpowered buildings, or Contaminate may cause inaccurate times.
  • Supply counts are checked every 10 seconds.